 Dungeon Crawl Stone Soup version 0.30-a0-354-g6b83867211 (webtiles) character file.

Game seed: 6179219094162812767

39953 Maxmaps the Black Belt (level 13, -1/93 HPs)
             Began as a Demonspawn Gladiator on Nov 7, 2022.
             Was an Initiate of Gozag.
             Slain by a catoblepas (19 damage)
             ... on level 5 of the Lair of Beasts on Nov 8, 2022.
             The game lasted 00:21:24 (14436 turns).

Maxmaps the Black Belt (Demonspawn Gladiator)      Turns: 14436, Time: 00:21:25

Health: -1/93      AC: 31    Str: 23    XL:     13   Next: 72%
Magic:  0/22       EV: 10    Int: 12    God:    Gozag
Gold:   1761       SH:  0    Dex: 17    Spells: 12/12 levels left

rFire   . . .      SeeInvis +      - Unarmed
rCold   . . .      Faith    .    (no shield)
rNeg    . . .      Spirit   +    y - +11 chain mail "Korreq" {Regen+ Str+6 Int-2}
rPois   +          Reflect  .    U - +2 hat
rElec   +          Harm     .    n - +1 cloak {rPois}
rCorr   +          Rampage  .    (no gloves)
Will    ++...                    Z - +1 pair of boots of the Vacuum {rElec rCorr Dex+3 SInv}
Stlth   ..........               (no amulet)
HPRegen 1.15/turn                p - ring "Caarysse" {rElec rPois MP+9 Dex+2}
MPRegen 0.36/turn                K - ring of Dithmenos's Esteem {Fly Will++ Str+2 Dex-3}

@: flying, studying Transmutations
A: claws 2, powered by death 2, magic shield, magic regeneration, sturdy frame 1
a: Renounce Religion, Potion Petition, Call Merchant, Bribe Branch


You were on level 5 of the Lair of Beasts.
You worshipped Gozag.
Gozag was most pleased with you.
You visited 3 branches of the dungeon, and saw 18 of its levels.
You also visited: Bailey and Gauntlet.

You collected 4078 gold pieces.
You paid 2317 gold pieces to Gozag.

Inventory:

Hand Weapons
 M - the +3 whip "Niohaqot" {vorpal, rC++ rN+ Dex-5}
   (You found it in a bailey)

   It inflicts extra damage upon your enemies.
   Dex:       It affects your dexterity (-5).
   rC:        It greatly protects you from cold.
   rN:        It protects you from negative energy.
Missiles
 d - 3 throwing nets (quivered)
 e - 5 javelins
Armour
 n - a +1 cloak of poison resistance (worn)
 x - the +8 chain mail "Juclif" {rPois rF+}
   (You found it on level 4 of the Dungeon)

   rF:        It protects you from fire.
   rPois:     It protects you from poison.
 y - the +11 chain mail "Korreq" (worn) {Regen+ Str+6 Int-2}
   (You found it on level 6 of the Dungeon)

   Str:       It affects your strength (+6).
   Int:       It affects your intelligence (-2).
   Regen:     It increases your rate of health regeneration.
 U - a +2 hat (worn)
 Z - the +1 pair of boots of the Vacuum (worn) {rElec rCorr Dex+3 SInv}
   (You found it in a Gauntlet)

   Dex:       It affects your dexterity (+3).
   rElec:     It insulates you from electricity.
   SInv:      It lets you see invisible.
   rCorr:     It protects you from acid and corrosion.
Jewellery
 p - the ring "Caarysse" (left claw) {rElec rPois MP+9 Dex+2}
   (You found it in a Gauntlet)

   [ring of magical power]

   Dex:       It affects your dexterity (+2).
   rElec:     It insulates you from electricity.
   rPois:     It protects you from poison.
   MP:        It affects your magic capacity (+9).
 q - the ring "Zethah" {rF+ Int-4 Slay+5 SInv Stlth+}
   (You found it on level 4 of the Lair of Beasts)

   [ring of protection from fire]

   Int:       It affects your intelligence (-4).
   Slay:      It affects your accuracy & damage with ranged weapons and melee
   (+5).
   rF:        It protects you from fire.
   SInv:      It lets you see invisible.
   Stlth:     It makes you more stealthy.
 K - the ring of Dithmenos's Esteem (right claw) {Fly Will++ Str+2 Dex-3}
   (You found it in a bailey)

   [ring of flight]

   Str:       It affects your strength (+2).
   Dex:       It affects your dexterity (-3).
   Fly:       It grants you flight.
   Will:      It greatly increases your willpower.
 N - a ring of positive energy
 P - a ring of protection from fire
 W - a ring of flight
Wands
 o - a wand of digging (11)
 r - a wand of charming (17)
 D - a wand of flame (17)
 F - a wand of light (10)
 R - a wand of mindburst (26)
Scrolls
 a - 2 scrolls of amnesia
 c - a scroll of identify
 g - 7 scrolls of teleportation
 m - 3 scrolls of fear
 s - 2 scrolls of poison
 z - 2 scrolls of summoning
 B - 5 scrolls of fog
 G - 3 scrolls of enchant weapon
 H - 10 scrolls of blinking
 I - 2 scrolls of enchant armour
 S - 2 scrolls of vulnerability
Potions
 b - 7 potions of flight
 f - 3 potions of heal wounds
 h - 3 potions of mutation
 i - 2 potions of cancellation
 j - a potion of berserk rage {unknown}
 k - 4 potions of degeneration
 l - 4 potions of attraction
 t - 4 potions of brilliance
 u - 3 potions of magic
 v - 3 potions of might
 C - 7 potions of curing
 E - 3 potions of ambrosia
 J - 3 potions of haste
 L - a potion of invisibility {unknown}
 V - 2 potions of resistance
Miscellaneous
 O - a condenser vane
 Y - a tin of tremorstones (2/2)


   Skills:
 + Level 6.2 Fighting
 - Level 2.6 Long Blades
 - Level 1.7 Throwing
 - Level 15.0 Armour
 - Level 2.6 Dodging
 - Level 15.0 Unarmed Combat


You had 12 spell levels left.
You didn't know any spells.
Your spell library contained the following spells:

 Spells                   Type           Power      Damage    Failure   Level
 Apportation              Tloc           0%         N/A       69%         1
 Beastly Appendage        Tmut           0%         N/A       69%         1
 Necrotise                Necr           0%         1d4       69%         1
 Summon Small Mammal      Summ           0%         N/A       69%         1
 Blink                    Tloc           0%         N/A       83%         2
 Momentum Strike          Conj/Tloc      0%         3d8       83%         2
 Wereblood                Tmut           0%         N/A       83%         2
 Lesser Beckoning         Tloc           0%         N/A       96%         3
 Spider Form              Tmut/Pois      0%         N/A       96%         3
 Stone Arrow              Conj/Erth      0%         3d7       96%         3
 Animate Armour           Summ/Erth      0%         N/A       100%        4
 Leda's Liquefaction      Hex/Erth       0%         N/A       100%        4
 Alistair's Intoxication  Tmut/Pois      0%         N/A       100%        5
 Borgnjor's Vile Clutch   Necr/Erth      0%         N/A       100%        5
 Lee's Rapid Deconstruct  Erth           0%         3d4*      100%        5
 Summon Forest            Summ/Tloc      0%         N/A       100%        5
 Summon Mana Viper        Hex/Summ       0%         N/A       100%        5
 Eringya's Noxious Bog    Tmut/Pois      0%         N/A       100%        6
 Statue Form              Tmut/Erth      0%         N/A       100%        6
 Summon Cactus Giant      Summ           0%         N/A       100%        6
 Disjunction              Tloc           0%         N/A       100%        8
 Lehudib's Crystal Spear  Conj/Erth      0%         10d2      100%        8


Dungeon Overview and Level Annotations

Branches:
Dungeon (12/15)            Temple (1/1) D:7            Lair (5/5) D:10
 Shoals (0/4) Lair:2       Spider (0/4) Lair:3        Slime (0/5) Lair:4
    Orc (0/2) D:9          Bailey (visited)         Gauntlet (visited)

Altars:
Ashenzari
Cheibriados
Dithmenos
Fedhas
Gozag
Hepliaklqana
Kikubaaqudgha
Makhleb
Nemelex Xobeh
Okawaru
Qazlal
Ru
Sif Muna
Trog
Uskayaw
Vehumet
Wu Jian
Xom
Yredelemnul

Shops:
D:9 (

Annotations:
D:12 Frances, Nessos


Innate Abilities, Weirdness & Mutations

You have very sharp fingernails.
You regenerate health from kills.
When hurt, damage is shared between your health and your magic reserves.
You regenerate magic rapidly.
Your movements are slightly less encumbered by armour. (ER -2)


Message History

The catoblepas gores you!! The komodo dragon bites you!
You are engulfed in calcifying dust.
The fungus is engulfed in calcifying dust.
A nearby fungus withers and dies.
A nearby plant withers and dies.
The catoblepas breathes a plume of calcifying dust at you.
The blast of calcifying dust hits you but does no damage.
The komodo dragon bites you but does no damage.
You are engulfed in calcifying dust.
The catoblepas gores you but does no damage.
The komodo dragon bites you!
* * * LOW HITPOINT WARNING * * *
You are engulfed in calcifying dust.
The catoblepas breathes a plume of calcifying dust at you.
The blast of calcifying dust hits you but does no damage.
The komodo dragon bites you but does no damage.
The catoblepas gores you but does no damage.
The komodo dragon bites you!
* * * LOW HITPOINT WARNING * * *
The catoblepas gores you but does no damage.
The komodo dragon bites you but does no damage.
The catoblepas gores you but does no damage.
The komodo dragon bites you.
* * * LOW HITPOINT WARNING * * *
The catoblepas gores you but does no damage.
The komodo dragon bites you but does no damage.
The catoblepas gores you but does no damage.
The komodo dragon bites you.
The catoblepas gores you but does no damage.
The komodo dragon bites you but does no damage.
You turn to flesh and can move again.
Unknown command.
You scratch the catoblepas but do no damage.
The catoblepas is almost dead.
The catoblepas breathes a plume of calcifying dust at you.
The blast of calcifying dust hits you. The komodo dragon bites you!
* * * LOW HITPOINT WARNING * * *
The catoblepas gores you!!
You die...
Your body crumbles into a pile of gold.

............# ....
.#..........# ....
........P...# .....
#.#.....<..## #....#
#..#P....#..#
#.....#######.#.......##
........##.............#
.....P.PP...#.#.....P#.#
....#.l@....##....#####
.#..Y§§§§§§§...##
............##.###
........#.#######
#.......### ...##..P.
[P# ##... .# #..# #.#


You could see a catoblepas and a komodo dragon.

Vanquished Creatures
  A minotaur (Gauntlet)
  3 boulder beetles
  2 catoblepae
  4 hydras
  4 two-headed ogres
  Nergalle (Lair:2)
  An orc knight (Bailey)
  A deep elf pyromancer (Bailey)
  A manticore (D:11)
  Joseph (D:7)
  A molten gargoyle (Gauntlet)
  4 black mambas
  2 torpor snails (Lair:1)
  3 gargoyles
  8 cane toads
  An unseen horror (D:10)
  2 komodo dragons
  2 kobold demonologists (D:11)
  4 rime drakes
  An efreet (Gauntlet)
  A hornet (D:11)
  A troll (D:10)
  A tyrant leech (D:10)
  A snapping turtle (Lair:2)
  24 blink frogs
  3 jumping spiders (Lair:3)
  3 wraiths
  2 vampires (D:10)
  19 yaks
  A steam dragon (D:6)
  2 fire elementals (Gauntlet)
  Grum (D:9)
  2 wyverns
  A redback (Lair:3)
  3 swamp worms (Gauntlet)
  12 vampire mosquitoes
  3 hell hounds (Gauntlet)
  7 water moccasins
  Duvessa (D:4)
  2 acid dragons
  15 orc warriors
  5 black bears
  An ice beast (D:7)
  2 sky beasts
  5 ogres
  13 wolves
  5 centaurs
  6 kobold brigands
  A phantom (D:7)
  5 necrophages
  6 bullfrogs
  2 gnoll sergeants
  24 wights
  Dowan (D:4)
  6 killer bees (D:9)
  5 electric eels (D:10)
  5 howler monkeys
  A vampire bat (Lair:4)
  2 jellies
  An orc priest (D:8)
  2 gnoll boudas
  3 hounds
  2 iguanas
  Natasha (thrice) (D:4)
  7 hell rats (Lair:3)
  6 orc wizards
  6 adders
  18 gnolls
  A shadow imp (D:7)
  A white imp (D:7)
  An ufetubus (D:7)
  A worm (D:4)
  2 dart slugs (D:1)
  34 orcs
  4 ball pythons
  13 bats
  10 endoplasms
  2 giant cockroaches (D:2)
  8 goblins
  2 hobgoblins
  6 jackals
  A quokka (D:1)
  7 frilled lizards
  19 kobolds
  6 rats
413 creatures vanquished.

Vanquished Creatures (others)
  A molten gargoyle (Gauntlet)
  A kobold (D:6)
  3 bushes (D:7)
  4 demonic plants (Gauntlet)
  3 fungi
  7 plants
19 creatures vanquished.

Grand Total: 432 creatures vanquished

Notes
Turn   | Place    | Note
-------+----------+-------------------------------------------
     0 | D:1      | Maxmaps the Demonspawn Gladiator began the quest for the
                  | Orb.
     0 | D:1      | Reached XP level 1. HP: 16/16 MP: 1/1
   105 | D:1      | Got the Anthology of Coordinates and Accomplices
   173 | D:1      | Gained mutation: You regenerate magic rapidly. [demonic
                  | ancestry]
   173 | D:1      | Reached XP level 2. HP: 12/23 MP: 2/2
   749 | D:1      | Gained mutation: You have sharp fingernails. [demonic
                  | ancestry]
   749 | D:1      | Reached XP level 3. HP: 29/29 MP: 3/3
  1051 | D:2      | Reached skill level 1 in Unarmed Combat
  1499 | D:2      | Identified the +11 falchion "Yrish" {speed, *Corrode rPois
                  | Int+5}
  1939 | D:3      | Found a basalt altar of Yredelemnul.
  1941 | D:3      | Found a radiant altar of Vehumet.
  1942 | D:3      | Found an ancient bone altar of Kikubaaqudgha.
  1942 | D:3      | Found a sparkling altar of Nemelex Xobeh.
  1942 | D:3      | Found a broken altar of Ashenzari.
  1942 | D:3      | Found a shimmering altar of Xom.
  2138 | D:3      | Reached XP level 4. HP: 32/35 MP: 4/4
  2530 | D:4      | Noticed Duvessa
  2533 | D:4      | Noticed Dowan
  2536 | D:4      | Identified the +8 chain mail "Juclif" {rPois rF+}
  2702 | D:4      | Noticed Natasha
  2709 | D:4      | Killed Natasha
  2733 | D:4      | Noticed Natasha
  2743 | D:4      | Killed Natasha
  2813 | D:4      | Gained mutation: Your movements are slightly less
                  | encumbered by armour. (ER -2) [demonic ancestry]
  2813 | D:4      | Reached XP level 5. HP: 12/41 MP: 5/5
  2939 | D:4      | Found an opulent altar of Gozag.
  2961 | D:4      | Became a worshipper of Gozag Ym Sagoz the Greedy
  3099 | D:4      | Noticed Natasha
  3108 | D:4      | Killed Natasha
  3417 | D:4      | Killed Duvessa
  3418 | D:4      | Gained mutation: When hurt, damage is shared between your
                  | health and your magic reserves. [demonic ancestry]
  3418 | D:4      | Reached XP level 6. HP: 29/47 MP: 6/6
  3427 | D:4      | Killed Dowan
  3428 | D:4      | Reached skill level 5 in Unarmed Combat
  3499 | D:5      | Entered Level 5 of the Dungeon
  3827 | D:5      | Gained mutation: You have very sharp fingernails. [demonic
                  | ancestry]
  3827 | D:5      | Reached XP level 7. HP: 37/52 MP: 5/7
  4322 | D:5      | Reached XP level 8. HP: 58/58 MP: 8/8
  4555 | D:6      | Identified the +11 chain mail "Korreq" {Regen+ Str+6 Int-2}
  4835 | D:6      | Reached skill level 10 in Unarmed Combat
  5191 | D:7      | Noticed Joseph
  5203 | D:7      | Killed Joseph
  5204 | D:7      | Gained mutation: You regenerate a little health from kills.
                  | [demonic ancestry]
  5204 | D:7      | Reached XP level 9. HP: 29/64 MP: 5/9
  5499 | D:7      | Found a staircase to the Ecumenical Temple.
  5849 | D:7      | Reached XP level 10. HP: 70/70 MP: 10/10
  5853 | Temple   | Entered the Ecumenical Temple
  6345 | D:8      | Found a flagged portal.
  6399 | Bailey   | Entered a bailey
  6468 | Bailey   | Found a large runed translucent door.
  6468 | Bailey   | Found a large runed translucent door.
  6475 | Bailey   | Noticed a deep elf pyromancer
  6516 | Bailey   | Noticed an orc knight
  6527 | Bailey   | Killed an orc knight
  6674 | Bailey   | Killed a deep elf pyromancer
  6681 | Bailey   | Identified the +3 whip "Niohaqot" {vorpal, rC++ rN+ Dex-5}
  6686 | Bailey   | Identified the ring of Dithmenos's Esteem {Fly Will++ Str+2
                  | Dex-3}
  6695 | Bailey   | Identified the +7 trident "Addeq" {freeze, *Corrode rPois
                  | Will+++ Dex-3}
  7005 | D:8      | Noticed a two-headed ogre
  7012 | D:8      | Killed a two-headed ogre
  7407 | D:9      | Reached skill level 15 in Unarmed Combat
  7414 | D:9      | Reached XP level 11. HP: 75/75 MP: 9/11
  7536 | D:9      | Reached skill level 1 in Armour
  7614 | D:9      | Noticed Grum
  7639 | D:9      | Killed Grum
  7714 | D:9      | Found Rutteyc's Antique Weapon Boutique.
  7755 | D:9      | Found a staircase to the Orcish Mines.
  8037 | D:10     | Entered Level 10 of the Dungeon
  8214 | D:10     | Found the +8 Vampire's Tooth {vamp}
  8235 | D:10     | Reached skill level 5 in Armour
  8313 | D:10     | Found a staircase to the Lair.
  8576 | D:10     | Noticed a two-headed ogre
  8587 | D:10     | Killed a two-headed ogre
  9114 | D:11     | Noticed a boulder beetle
  9128 | D:11     | Killed a boulder beetle
  9498 | D:11     | Noticed a sixfirhy
  9683 | D:11     | Noticed a two-headed ogre
  9695 | D:11     | Killed a two-headed ogre
  9696 | D:11     | Reached XP level 12. HP: 75/81 MP: 8/12
 10012 | D:12     | Noticed a two-headed ogre
 10021 | D:12     | Killed a two-headed ogre
 10039 | D:12     | Reached skill level 10 in Armour
 10163 | D:12     | Noticed Nessos
 10165 | D:12     | Noticed Frances
 10252 | Lair:1   | Entered Level 1 of the Lair of Beasts
 10285 | Lair:1   | Noticed a boulder beetle
 10294 | Lair:1   | Noticed a four-headed hydra
 10297 | Lair:1   | Found an ornate altar of the Wu Jian Council.
 10297 | Lair:1   | Found a hide-covered altar of Uskayaw.
 10297 | Lair:1   | Noticed a boulder beetle
 10324 | Lair:1   | Killed a four-headed hydra
 10356 | Lair:1   | Killed a boulder beetle
 10407 | Lair:1   | Killed a boulder beetle
 11393 | Lair:2   | Noticed Nergalle
 11412 | Lair:2   | Killed Nergalle
 11488 | Lair:2   | Gained mutation: You regenerate health from kills. [demonic
                  | ancestry]
 11488 | Lair:2   | Reached XP level 13. HP: 77/81 MP: 11/13
 11966 | Lair:2   | Found a staircase to the Shoals.
 12198 | Lair:3   | Found a hole to the Spider Nest.
 12205 | Lair:3   | Found a gate leading to a gauntlet.
 12210 | Gauntlet | Entered a Gauntlet
 12210 | Gauntlet | Found a transporter.
 12210 | Gauntlet | Found a transporter.
 12210 | Gauntlet | Found a runed translucent door.
 12216 | Gauntlet | Found a transporter.
 12229 | Gauntlet | Found a transporter.
 12244 | Gauntlet | Found a large runed translucent door.
 12245 | Gauntlet | Found a large runed translucent door.
 12246 | Gauntlet | Found a large runed translucent door.
 12246 | Gauntlet | Found a large runed translucent door.
 12246 | Gauntlet | Found a large runed translucent door.
 12246 | Gauntlet | Found a large runed translucent door.
 12246 | Gauntlet | Found a large runed translucent door.
 12246 | Gauntlet | Found a large runed translucent door.
 12247 | Gauntlet | Found a runed translucent door.
 12247 | Gauntlet | Found a runed translucent gate.
 12248 | Gauntlet | Found a transporter.
 12248 | Gauntlet | Found a runed translucent gate.
 12248 | Gauntlet | Found a transporter.
 12248 | Gauntlet | Found a transporter.
 12251 | Gauntlet | Found a transporter.
 12251 | Gauntlet | Found a transporter.
 12252 | Gauntlet | Noticed a blizzard demon
 12267 | Gauntlet | Found a transporter.
 12283 | Gauntlet | Found a transporter.
 12293 | Gauntlet | Found a transporter.
 12308 | Gauntlet | Found a transporter.
 12320 | Gauntlet | Found a large runed translucent door.
 12321 | Gauntlet | Found a large runed translucent door.
 12322 | Gauntlet | Found a large runed translucent door.
 12322 | Gauntlet | Found a large runed translucent door.
 12322 | Gauntlet | Found a large runed translucent door.
 12322 | Gauntlet | Found a large runed translucent door.
 12323 | Gauntlet | Found a runed translucent gate.
 12323 | Gauntlet | Found a large runed translucent door.
 12323 | Gauntlet | Found a runed translucent door.
 12323 | Gauntlet | Found a large runed translucent door.
 12328 | Gauntlet | Found a transporter.
 12328 | Gauntlet | Found the -2 hat of the Alchemist {rElec rPois rF+ rC+ rN+
                  | Will+ rMut rCorr}
 12337 | Gauntlet | Found a runed translucent door.
 12402 | Gauntlet | Identified the ring "Caarysse" {rElec rPois MP+9 Dex+2}
 12464 | Gauntlet | HP: 3/87 [gargoyle/stone arrow (19)]
 12548 | Gauntlet | Identified the +1 pair of boots of the Vacuum {rElec rCorr
                  | Dex+3 SInv}
 12571 | Gauntlet | Noticed a minotaur
 12585 | Gauntlet | Killed a minotaur
 13472 | Lair:4   | Found a staircase to the Slime Pits.
 13549 | Lair:4   | Identified the ring "Zethah" {rF+ Int-4 Slay+5 SInv Stlth+}
 13630 | Lair:4   | Reached skill level 15 in Armour
 13895 | Lair:4   | Reached skill level 5 in Fighting
 14365 | Lair:5   | Entered Level 5 of the Lair of Beasts
 14436 | Lair:5   | Slain by a catoblepas

Illustrated notes

Levels and vault maps discovered:
D:1:      lightli_molten_gateway, layout_loops_ring, minmay_misc_feat_x,
          minivault_11
D:2:      layout_basic, serial_bayou_pond_e, kennysheep_generic_room_12
D:3:      layout_loops_ring, grunt_temple_overflow_open,
          nicolae_concentric_dashed_squares_mild
D:4:      layout_rooms, nicolae_gozag_cash_rules_everything_around_me,
          uniq_duvessa, uniq_natasha
D:5:      layout_loops_ring, minmay_fractal_squares_5
D:6:      layout_rooms
D:7:      layout_basic, minmay_temple_entry_glassed_door, minmay_hedge_maze,
          minmay_alternating_orb, uniq_joseph
D:8:      layout_cave_pods, enter_bailey_5, chequers_serial_rivers_small_b
D:9:      layout_basic, orc_david_3, serial_shops, nicolae_shop_behind_doors,
          uniq_grum
D:10:     layout_loops_cross, erik_lair_island, small_statue_alley_b,
          minmay_guarded_unrand_vampires_tooth
D:11:     layout_cave_pods
D:12:     layout_cave_pods, uniq_nessos, uniq_frances, uniq_jorgrun
Temple:   nicolae_temple_bog_church
Lair:1:   layout_misc_corridors, nzn_masters_of_martial_movement
Lair:2:   layout_long_grid, minmay_shoals_entry_hut, minivault_27, uniq_nergalle
Lair:3:   layout_regular_city, spider_nest_entry_funnel_web,
          gauntlet_entry_generic, grunt_megastairs_3
Lair:4:   layout_hall_layers, dpeg_slime_entry_corner, roderic_batcave,
          minivault_26, infiniplex_staircase_pool_2, serial_bayou_shore_b
Lair:5:   hangedman_lair_caniforms_friends, layout_loops_ring,
          infiniplex_staircase_pool

Skill      XL: |  1  2  3  4  5  6  7  8  9 10 11 12 13 |
---------------+----------------------------------------+-----
Fighting       | 3 6 |  6.2
Unarmed Combat | 1 3 4 6 7 10 12 15 | 15.0
Armour         | 9 13 15 | 15.0
Long Blades    | |  2.6
Throwing       | |  1.7
Dodging        | |  2.6

Action                   |  1- 3 |  4- 6 |  7- 9 | 10-12 | 13-15 || total
-------------------------+-------+-------+-------+-------+-------++-------
Melee: Long sword        |   128 |    95 |       |       |       ||   223
       Punch             |       |     1 |    15 |    77 |    29 ||   122
       Unarmed           |       |       |   242 |   753 |   304 ||  1299
Invok: Potion Petition   |       |       |       |     2 |     2 ||     4
  Use: Scroll            |       |    13 |       |     9 |     9 ||    31
       Potion            |       |       |       |       |     3 ||     3
 Stab: Sleeping          |     8 |       |       |       |       ||     8
       Distracted        |       |       |     4 |     3 |     1 ||     8
       Invisible         |       |       |       |       |     4 ||     4
       Petrifying        |       |       |       |       |     1 ||     1
Armor: Leather armour    |    57 |       |       |       |       ||    57
       Ring mail         |     3 |    18 |       |       |       ||    21
       Chain mail        |       |    39 |   135 |   482 |   218 ||   874
Dodge: Dodged            |    80 |    58 |    90 |   386 |   140 ||   754

Table legend: (Time is in decaauts)
 A = Elapsed time spent in this place.
 B = Non-inter-level travel time spent in this place.
 C = Inter-level travel time spent in this place.
 D = Time resting spent in this place.
 E = Time spent auto-exploring this place.
 F = Levels seen in this place.
 G = Mean time per level.
                   A        B        C        D        E       F      G
               +--------+--------+--------+--------+--------+-----+--------+
         Total |  14185 |  13726 |    459 |   1128 |   9598 |  20 |  709.2 |
       Dungeon |   9642 |   9293 |    349 |   1027 |   6398 |  12 |  803.5 |
        Temple |    184 |    167 |     17 |      0 |    154 |   1 |  184.0 |
          Lair |   3659 |   3567 |     92 |     90 |   2746 |   5 |  731.8 |
        Bailey |    323 |    323 |      0 |      0 |    184 |   1 |  323.0 |
      Gauntlet |    375 |    375 |      0 |     11 |    116 |   1 |  375.0 |
               +--------+--------+--------+--------+--------+-----+--------+

Top non-repeatable levels by time:
  Lair:2: 1160 daAuts
    D:11: 1072 daAuts
     D:4: 1045 daAuts
     D:3: 934 daAuts
     D:1: 927 daAuts
  Lair:4: 899 daAuts
  Lair:3: 880 daAuts
     D:5: 857 daAuts
    D:10: 850 daAuts
     D:2: 846 daAuts
     D:7: 822 daAuts
     D:8: 819 daAuts
  Lair:1: 652 daAuts
     D:6: 627 daAuts
     D:9: 616 daAuts
